Map: Undercurrent LE

Players

Dapostraphe - Winner!

  • Race: Protoss Protoss
  • Spawn Location: 7:00

Mauri - Winner!

  • Race: Terran Terran
  • Spawn Location: 7:00

iPlayDefense

  • Race: Terran Terran
  • Spawn Location: 1:00

Computer

  • Race: Terran Terran
  • Spawn Location: 3:00

VOD

Have the link to the VOD?

Description

Time

  • Played on: April 12, 2025, 12:38 p.m.
  • Length: 4:22
Show
View Real Time Build Order
Export as new Build Order

Dapostraphe Protoss - Winner!

Build Orders:  

Get SALT Encoding   

  12  0:06  Probe  
  13  0:18  Probe  
  13  0:19  Pylon  
  14  0:30  Probe  
  15  0:42  Gateway  
  16  0:45  Assimilator  
  15  1:12  Probe  
  16  1:26  Probe  
  16  1:29  Cybernetics Core  
  17  1:41  Pylon  
  17  1:57  Zealot  
  19  2:08  Twilight Council  
  19  2:09  Warp Gate  
  19  2:17  Gateway  
  19  2:18  Gateway  
  19  2:22  Gateway x2  
  19  2:26  Gateway  
  19  2:28  Gateway  
  19  2:30  Gateway  
  19  2:31  Charge  
  19  2:32  Gateway  
  19  2:33  Gateway  
  19  2:37  Gateway  
  19  2:39  Gateway  
  19  2:45  Gateway  
  19  2:55  Pylon  
  19  3:14  Zealot  
  19  3:15  Zealot x3  
  19  3:16  Zealot  
  19  3:18  Zealot  
  19  3:19  Zealot  
  33  3:21  Zealot x2  
  39  3:27  Zealot  
  39  3:31  Pylon  
  39  3:34  Pylon  
  39  3:35  Pylon  
  39  3:36  Pylon  
  39  3:49  Zealot  
  39  4:07  Zealot x5  
  39  4:08  Zealot x5  
  39  4:09  Zealot  
Show
View Real Time Build Order
Export as new Build Order

Mauri Terran - Winner!

Build Orders:  

Get SALT Encoding   

  12  0:09  SCV  
  13  0:21  SCV  
  14  0:26  Supply Depot  
  14  0:33  SCV  
  15  0:55  SCV  
Show
View Real Time Build Order
Export as new Build Order

iPlayDefense Terran 

Build Orders:  

Get SALT Encoding   

  12  0:01  SCV  
  13  0:13  SCV  
  14  0:25  SCV  
  15  0:34  Supply Depot  
  15  0:55  Refinery  
  15  0:56  SCV  
  16  1:05  Barracks  
  16  1:08  SCV  
  17  1:20  SCV  
  18  1:32  SCV  
  19  1:42  Refinery  
  19  1:44  SCV  
  20  1:54  Supply Depot, Barracks Reactor  
  20  1:56  SCV  
  21  2:08  SCV  
  22  2:22  SCV  
  23  2:30  Marine  
  23  2:31  Marine  
  25  2:38  Factory  
  25  2:42  SCV  
  26  2:45  Supply Depot  
  26  2:48  Marine  
  26  2:49  Marine  
  28  2:55  SCV, Command Center  
  29  3:06  Marine, Barracks  
  29  3:07  Marine  
  29  3:09  Barracks  
  29  3:10  SCV  
  29  3:12  Engineering Bay  
  32  3:22  SCV  
  32  3:24  Marine x2  
  35  3:29  Factory Tech Lab  
  35  3:32  Starport  
  33  3:34  SCV  
  37  4:05  Supply Depot  
  37  4:06  Barracks Tech Lab  
  37  4:07  Barracks Tech Lab  
  37  4:08  Barracks Reactor  
Show
View Real Time Build Order
Export as new Build Order

Computer Terran 

Build Orders:  

Get SALT Encoding   

  12  1:16  SCV  
  13  1:28  SCV  
  13  1:31  Refinery  
  14  1:40  SCV  
  15  2:16  Supply Depot  
  15  2:38  SCV  
  16  2:50  SCV  
  17  3:02  SCV  
  18  3:14  SCV  
  12  3:53  SCV  
  13  4:05  SCV  
Tags
 
Add a new tag
Caveats
  • Supply blocks, unpowered buildings, or Contaminate may cause inaccurate times.
  • Supply counts are checked every 10 seconds.